[Event "*** Titled Tuesday 3|2 Blitz"]
[Site "Chess.com"]
[Date "2016.03.01"]
[Round "9"]
[White "Quiet_Desperation"]
[Black "jk13"]
[Result "0-1"]
[WhiteElo "2248"]
[BlackElo "2431"]
[TimeControl "180+2"]
[EndTime "18:47:09 PST"]
[Termination "jk13 won by resignation"]

1. e4 e5 2. Nf3 Nc6 3. Bb5 Nf6 4. d3 Bc5 5. c3 O-O 6. O-O d6 7. h3 a6 8. Ba4 Ba7 9. Re1 Ne7 10. Nbd2 Ng6 11.
Nf1 c6 12. Bc2 h6 13. Ng3 Re8 14. a4 d5 15. Qe2 Be6 16. a5 Qd7 17. Kh2 Rad8 18.
Ng1 Qc7 19. Qf3 dxe4 20. dxe4 Qe7 21. Nf5 Bxf5 22. exf5 e4 23. Qe2 Qe5+ 24. g3 Qxf5 25. Be3 Bxe3 26. Qxe3 Qh5 27. Kg2 Nd5 28. Qa7 e3 29. fxe3 Nxe3+ 30. Rxe3 Rd2+ 31. Kh1 Rxe3 32. Bxg6 Qd5+ 33. Nf3 0-1

[Event "*** Titled Tuesday 3|2 Blitz"]
[Site "Chess.com"]
[Date "2016.03.01"]
[Round "9"]
[White "thegreendog"]
[Black "Shivagami"]
[Result "1-0"]
[WhiteElo "2218"]
[BlackElo "1856"]
[TimeControl "180+2"]
[EndTime "18:47:35 PST"]
[Termination "thegreendog won by resignation"]

1. d4 Nf6 2. Nf3 g6 3. Bg5 Bg7 4. Nbd2 d5 5. e3 O-O 6. Bd3 Bg4 7. h3 Bxf3 8. Qxf3 Ne4 9. Nxe4 dxe4 10. Bxe4 c6 11.
O-O Nd7 12. c4 Nf6 13. Bc2 Qb6 14. Rab1 Rad8 15. b4 Qc7 16. Bf4 Qc8 17. Rfc1 Nd7 18. d5 Ne5 19. Bxe5 Bxe5 20. Ba4 c5 21. bxc5 Qxc5 22. Rxb7 Rb8 23. Rxb8 Rxb8 24. Bb3 a5 25. e4 Qb4 26. g3 a4 27. Bd1 Qb2 28. Rc2 Qb1 29.
Kg2 Rb2 30. Rxb2 Qxb2 31. Bxa4 Qxa2 32. Bb3 Qa6 33. c5 Qb5 34. d6 e6 35. Qe3 Qc6 36. f4 Bg7 37. Qd3 Bf6 38. Qc4 Bd8 39. Ba4 Qb7 40.
c6 Qb2+ 41. Bc2 Qb8 42. c7 Qc8 43. cxd8=Q+ Qxd8 44. Qc7 1-0

[Event "*** Titled Tuesday 3|2 Blitz"]
[Site "Chess.com"]
[Date "2016.03.01"]
[Round "9"]
[White "SenseiJulio"]
[Black "Fins0905"]
[Result "1-0"]
[WhiteElo "2615"]
[BlackElo "2456"]
[TimeControl "180+2"]
[EndTime "18:48:02 PST"]
[Termination "SenseiJulio won by resignation"]

1. d4 d5 2. c4 c6 3. Nf3 Nf6 4. Nc3 dxc4 5. e4 b5 6. e5 Nd5 7.
a4 e6 8. Ng5 Be7 9. h4 Bb7 10.
Qh5 g6 11. Qf3 O-O 12. Nce4 Nb4 13. Be3 Nc2+ 14. Kd1 Nxd4 15. Qh3 Nb3+ 16. Ke1 Nxa1 17. h5 c5 18. hxg6 Nc2+ 19. Ke2 Qd3+ 20. Kf3 Bxe4+ 21.
Kg3 Qxe3+ 22. fxe3 Bxg6 23. Nxh7 Nxe3 24. Nf6+ Bxf6 25.
exf6 Nf5+ 26. Kf2 1-0

[Event "*** Titled Tuesday 3|2 Blitz"]
[Site "Chess.com"]
[Date "2016.03.01"]
[Round "9"]
[White "gumersindo"]
[Black "GianmarcoVaR"]
[Result "0-1"]
[WhiteElo "2318"]
[BlackElo "2373"]
[TimeControl "180+2"]
[EndTime "18:48:17 PST"]
[Termination "GianmarcoVaR won by resignation"]

1. d4 Nf6 2. c4 e6 3. Nc3 Bb4 4. Qc2 d5 5. a3 Bxc3+ 6. Qxc3 dxc4 7. Qxc4 b6 8. e3 O-O 9. Nf3 Ba6 10. Qc2 Bxf1 11.
Kxf1 Nbd7 12. Bd2 c5 13. Bc3 Rc8 14. Qe2 Ne4 15. Rc1 cxd4 16. exd4 Ndf6 17. g3 Qd5 18.
Kg2 Ng4 19. Rhf1 Ng5 20. h3 Nxf3 21. Qxf3 Qxf3+ 22. Kxf3 Nh2+ 23. Kg2 Nxf1 24. Kxf1 Rfd8 25. Re1 Rc4 26. Ke2 Kf8 27. Kd3 Rc6 28. Re5 Rd5 29.
Re4 Ke7 30. g4 f6 31. f4 h5 32. f5 Kf7 33. fxe6+ Rxe6 34. Rf4 b5 35. b3 Re8 36.
a4 a6 37. axb5 axb5 38. Bb4 hxg4 39. hxg4 Rh8 40. Bc5 Rh3+ 41. Kc2 Rg3 42. Kb2 Rg5 43. Ka3 R5xg4 44. Rf1 Rg1 45. Rf2 R4g2 46. Rf3 Rg3 47.
Rf2 Rb1 48. Rb2 Rxb2 49. Kxb2 Ke6 50. Ka3 Kd5 51. Kb4 g5 52. Kxb5 Rxb3+ 53. Ka4 Rb1 54. Be7 g4 55. Bxf6 g3 56. Bh4 g2 57. Bf2 g1=R 58.
Bxg1 Rxg1 59. Kb5 Rb1+ 0-1

[Event "*** Titled Tuesday 3|2 Blitz"]
[Site "Chess.com"]
[Date "2016.03.01"]
[Round "9"]
[White "Zazuliak"]
[Black "Recombinant"]
[Result "0-1"]
[WhiteElo "2315"]
[BlackElo "2217"]
[TimeControl "180+2"]
[EndTime "18:48:22 PST"]
[Termination "Recombinant won on time"]

1. d4 d6 2. Nf3 g6 3. c4 Bg7 4.
Nc3 Nc6 5. d5 Ne5 6. Nxe5 Bxe5 7. e4 Bxc3+ 8. bxc3 c5 9. h4 Nf6 10. Bd3 h5 11. Bg5 Ng4 12. Be2 Ne5 13. Qa4+ Bd7 14. Qb3 Qa5 15. O-O Rb8 16. f4 Ng4 17. f5 f6 18. Bd2 gxf5 19. exf5 Ne5 20. Bf4 Kf7 21. a4 Qd8 22. g3 Qg8 23. Kg2 Qh7 24. Bxe5 fxe5 25. Bd3 Kf6 26. a5 Rhg8 27. Rf3 Qh6 28.
Raf1 b6 29. axb6 Rxb6 30. Qa2 a6 31. R3f2 Qe3 32. Be2 Qxg3+ 33. Kh1 Qxh4+ 34. Rh2 Qe4+ 35. Bf3 Qd3 36. Qf2 Rb1 37. Qh4+ Rg5 0-1

[Event "*** Titled Tuesday 3|2 Blitz"]
[Site "Chess.com"]
[Date "2016.03.01"]
[Round "9"]
[White "hermionegrangermagic"]
[Black "jcgs1030"]
[Result "1-0"]
[WhiteElo "2317"]
[BlackElo "2211"]
[TimeControl "180+2"]
[EndTime "18:48:32 PST"]
[Termination "hermionegrangermagic won by checkmate"]

1. e4 c5 2. Nf3 d6 3. d4 cxd4 4. Nxd4 Nf6 5. Nc3 g6 6. Be3 a6 7. f3 b5 8. Qd2 Bb7 9. O-O-O Nbd7 10. g4 Ne5 11. g5 Nfd7 12. h3 Rc8 13. Nd5 Bxd5 14. exd5 Nb6 15. Nb3 Bg7 16. Qf2 Nbc4 17. Bd4 O-O 18. h4 h5 19. gxh6 Bxh6+ 20. f4 Ng4 21. Qg3 Nf6 22. h5 Ne4 23. Qf3 e5 24. Qxe4 exd4 25. hxg6 Bg7 26. Bd3 fxg6 27. Qe6+ Rf7 28.
Bxg6 Rc7 29. Rdg1 d3 30. Bxf7+ Rxf7 31. Rxg7+ Kxg7 32. Qh6+ Kg8 33. Qh8# 1-0

[Event "*** Titled Tuesday 3|2 Blitz"]
[Site "Chess.com"]
[Date "2016.03.01"]
[Round "9"]
[White "GM_Huschenbeth"]
[Black "Hikaru"]
[Result "0-1"]
[WhiteElo "2446"]
[BlackElo "2869"]
[TimeControl "180+2"]
[EndTime "18:48:39 PST"]
[Termination "Hikaru won on time"]

1. e4 e6 2. d4 b6 3. Nc3 Bb7 4.
Bd3 d5 5. Nf3 Nf6 6. e5 Nfd7 7.
Ne2 Ba6 8. O-O c5 9. c3 Bxd3 10. Qxd3 Qc8 11. a4 Qa6 12. Qb5 Qxb5 13. axb5 a5 14. Be3 Be7 15. dxc5 Bxc5 16. b4 Bxe3 17.
fxe3 O-O 18. Ned4 Rc8 19. Rfc1 Ra7 20. Kf2 Rcc7 21. Rc2 h6 22. Ra3 Kf8 23. Rca2 Rab7 24. Ke2 Rc4 25. bxa5 bxa5 26. Kd3 a4 27. Kc2 Nb6 28.
Nd2 Rc8 29. Kd3 N8d7 30. Nc6 Nb8 31. Nd4 N8d7 32. Nc6 Na8 33. Rb2 Rxc6 34. bxc6 Rxb2 35. cxd7 Ke7 36. Rxa4 Nb6 37. Rb4 Rxb4 38. cxb4 Kxd7 39. e4 Kc6 40. exd5+ Kxd5 41. Nf3 Nd7 42. Kc3 Nxe5 43. Nd4 Nd7 0-1

[Event "*** Titled Tuesday 3|2 Blitz"]
[Site "Chess.com"]
[Date "2016.03.01"]
[Round "9"]
[White "maciek_92"]
[Black "jcibarra"]
[Result "0-1"]
[WhiteElo "2468"]
[BlackElo "2522"]
[TimeControl "180+2"]
[EndTime "18:48:48 PST"]
[Termination "jcibarra won by resignation"]

1. c4 Nf6 2. Nc3 d6 3. g3 g6 4.
Bg2 Bg7 5. d4 O-O 6. Nf3 Nc6 7.
O-O Bf5 8. b3 Ne4 9. Nd5 Nf6 10.
Ne3 Be4 11. Bb2 d5 12. Rc1 a5 13. Ne5 Bxg2 14. Kxg2 Nb4 15. a3 Na6 16. cxd5 Nxd5 17. N3c4 c6 18. e4 Nf6 19. Qe2 Nc7 20. Rfd1 Nb5 21.
a4 Nd6 22. f3 Re8 23. Ba3 Bf8 24. Bc5 Nc8 25. d5 cxd5 26. exd5 Nxd5 27. Nxf7 Kxf7 28.
Ne5+ Kg8 29. Qb5 e6 30. Qxb7 Bxc5 31. Rxd5 exd5 32. Qf7+ Kh8 33. Rxc5 Rxe5 34. Rc7 Re7 35. Qf6+ Kg8 0-1

[Event "*** Titled Tuesday 3|2 Blitz"]
[Site "Chess.com"]
[Date "2016.03.01"]
[Round "9"]
[White "TheMagician"]
[Black "Kawhi_Leonard2"]
[Result "1-0"]
[WhiteElo "2175"]
[BlackElo "2090"]
[TimeControl "180+2"]
[EndTime "18:49:05 PST"]
[Termination "TheMagician won on time"]

1. e4 c5 2. Nf3 d6 3. d4 cxd4 4. Nxd4 Nf6 5. Nc3 g6 6. Bc4 Bg7 7. Bb3 O-O 8. f3 Nc6 9. Be3 Bd7 10. Qd2 Rc8 11. O-O-O Nxd4 12. Bxd4 b5 13. g4 a5 14. g5 Nh5 15. Bxg7 Nxg7 16. a3 Rc5 17. Nd5 Be6 18.
Kb1 Bxd5 19. Bxd5 Qc7 20. c3 Rb8 21. Rc1 Qb6 22. h4 e6 23. Ba2 d5 24. b4 Rc7 25. exd5 Rd8 26. Qd4 Qxd4 27. cxd4 Rxc1+ 28. Rxc1 axb4 29. dxe6 Nxe6 30. d5 Nd4 31. axb4 Nxf3 32. Rc5 Nd4 33. Kb2 Kg7 34. Rc7 Rd6 35. Rb7 Nf3 36. Rxb5 Nxh4 37. Rb7 Nf3 38. b5 Nxg5 39. Kc3 h5 40. Bc4 h4 41. Ra7 h3 42. Ra1 Nf3 43.
Rh1 h2 44. Kb4 g5 45. Kc5 Rd8 46. Be2 1-0

[Event "*** Titled Tuesday 3|2 Blitz"]
[Site "Chess.com"]
[Date "2016.03.01"]
[Round "9"]
[White "Iwannabetheguy"]
[Black "chessking2151"]
[Result "0-1"]
[WhiteElo "2011"]
[BlackElo "2304"]
[TimeControl "180+2"]
[EndTime "18:49:09 PST"]
[Termination "chessking2151 won by resignation"]

1. e4 c5 2. Nf3 Nc6 3. d4 cxd4 4. Nxd4 g6 5. Nc3 Bg7 6. Be3 Nf6 7. Bc4 O-O 8. Bb3 d6 9. f3 Bd7 10. Qd2 Rc8 11. O-O-O Ne5 12. h4 h5 13. Kb1 Nc4 14. Bxc4 Rxc4 15. g4 b5 16. gxh5 b4 17. Nd5 Nxh5 18.
Rdg1 e6 19. Nxb4 a5 20. Na6 Qb6 21. b3 Rxd4 22. Bxd4 Qxd4 23. Qxd4 Bxd4 24. Rd1 e5 25. Nc7 Bc6 26. Nd5 Bxd5 27. exd5 Ng3 28. Rh2 Rc8 29. a4 f5 30. Rg2 f4 31. Rd3 Kf7 32. Ka2 Nf5 33. Rdd2 Nxh4 34. Rg4 Nxf3 35. Rdg2 g5 36.
b4 axb4 37. Kb3 Bc3 38. a5 Kf6 39. Ka4 Kf5 40. Kb5 e4 41. a6 e3 42. a7 Bd4 43.
Ka6 Ra8 44. Rxg5+ Nxg5 45. Rxg5+ 0-1

[Event "*** Titled Tuesday 3|2 Blitz"]
[Site "Chess.com"]
[Date "2016.03.01"]
[Round "9"]
[White "LADIESGET2KNOWME"]
[Black "AlexanderL"]
[Result "1/2-1/2"]
[WhiteElo "2382"]
[BlackElo "2566"]
[TimeControl "180+2"]
[EndTime "18:49:32 PST"]
[Termination "Game drawn by repetition"]

1. d4 d5 2. Nc3 Nf6 3. Bg5 e6 4. e4 dxe4 5. Nxe4 Be7 6. Nxf6+ Bxf6 7. Bxf6 Qxf6 8. Nf3 O-O 9. Bd3 b6 10. Be4 c6 11. O-O Bb7 12. c3 Nd7 13. Re1 Rfd8 14. Qe2 g6 15. Rad1 Rab8 16. h3 Ba8 17. Rd2 c5 18.
Bxa8 Rxa8 19. Red1 cxd4 20. Rxd4 Nf8 21. Ne5 Rxd4 22. Rxd4 Rd8 23. Ng4 Qg5 24. Rxd8 Qxd8 25. Qe5 Qd1+ 26. Kh2 Nd7 27. Nh6+ Kf8 28. Qh8+ Ke7 29.
Qxh7 Qd6+ 30. g3 Ne5 31. Ng8+ Kd7 32. Nf6+ Kc6 33. Ng4 Nf3+ 34. Kg2 Qd5 35. Ne3 Qe4 36. Qh8 Ng5+ 37. Kh2 Nf3+ 38. Kg2 Ng5+ 39. Kh2 Nf3+ 40.
Kg2 Ng5+ 41. Kh2 1/2-1/2

[Event "*** Titled Tuesday 3|2 Blitz"]
[Site "Chess.com"]
[Date "2016.03.01"]
[Round "9"]
[White "ethylalcohol"]
[Black "Titus369"]
[Result "0-1"]
[WhiteElo "1775"]
[BlackElo "2226"]
[TimeControl "180+2"]
[EndTime "18:49:38 PST"]
[Termination "Titus369 won on time"]

1. e4 c5 2. Nc3 d6 3. g3 g6 4. Bg2 Bg7 5. Nge2 Nc6 6. d3 e6 7.
Be3 Nge7 8. Qd2 Rb8 9. O-O b5 10. Bh6 O-O 11. h4 b4 12. Nd1 d5 13. h5 f6 14. Bxg7 Kxg7 15. exd5 exd5 16. d4 c4 17. Ne3 Be6 18. Nf4 Bg8 19. hxg6 hxg6 20. Ng4 Nf5 21. c3 a5 22. Rae1 Qd7 23. Bh3 Qd6 24. Ne3 Nh6 25. Neg2 Rbe8 26. Nh4 g5 27. Nh5+ Kh7 28. Nf5 Nxf5 29.
Bxf5+ Kh8 30. Qd1 Bh7 31. Qg4 Ne7 32. Bxh7 Kxh7 33. Nxf6+ Qxf6 34. Kg2 Kg7 35. Re6 Qf5 36. Qe2 Rf7 37. Rh1 g4 0-1

[Event "*** Titled Tuesday 3|2 Blitz"]
[Site "Chess.com"]
[Date "2016.03.01"]
[Round "9"]
[White "evgenyermolaev"]
[Black "MinhGTrAn"]
[Result "0-1"]
[WhiteElo "2122"]
[BlackElo "2650"]
[TimeControl "180+2"]
[EndTime "18:49:48 PST"]
[Termination "MinhGTrAn won on time"]

1. e4 c5 2. Nf3 d6 3. d4 cxd4 4. Nxd4 Nf6 5. Nc3 a6 6. Be3 e5 7. Nb3 Be7 8. Qd2 Be6 9. O-O-O Nbd7 10. f4 Rc8 11. f5 Bc4 12. g4 h6 13. Rg1 b5 14. Bd3 b4 15. Ne2 a5 16. Kb1 a4 17.
Nbc1 Qa5 18. a3 d5 19. Bxc4 dxc4 20. axb4 Bxb4 21. c3 Be7 22. h4 a3 23. g5 axb2 24. Na2 Ra8 25. Qxb2 Rb8 26. Qxb8+ Nxb8 27. gxf6 Bxf6 28.
Rd5 Qa4 29. Bc5 Nc6 30. Ng3 Be7 31. Be3 O-O 32. Nh5 Rb8+ 33. Ka1 Qb3 34. Rd2 Bf8 35. Bxh6 Ra8 36. Bxg7 Qxc3+ 37. Rb2 Bxg7 38. Nxg7 Nd4 39. Nh5+ Kf8 0-1

[Event "*** Titled Tuesday 3|2 Blitz"]
[Site "Chess.com"]
[Date "2016.03.01"]
[Round "9"]
[White "chesstatour"]
[Black "Rating-Schmating"]
[Result "0-1"]
[WhiteElo "1982"]
[BlackElo "2240"]
[TimeControl "180+2"]
[EndTime "18:49:52 PST"]
[Termination "Rating-Schmating won on time"]

1. c4 e6 2. Nc3 Nf6 3. d4 b6 4.
f3 Bb7 5. e4 Bb4 6. Bd3 d5 7.
cxd5 exd5 8. e5 Nfd7 9. Bf4 O-O 10. Ne2 c5 11. Qc2 h6 12. O-O cxd4 13. Nb5 Bc5 14.
Kh1 a6 15. Nbxd4 Bxd4 16. Nxd4 Nc5 17. Bh7+ Kh8 18. b4 Ne6 19. Nxe6 fxe6 20. Bg3 Nc6 21.
a3 Nd4 22. Qd3 Nf5 23. Bxf5 Rxf5 24. Rac1 Qd7 25. Rc2 Rff8 26. Rfc1 Rfc8 27. Qg6 Rxc2 28. Rxc2 Rc8 29. Rxc8+ Qxc8 30. h4 Qd7 31. f4 Bc6 32. f5 exf5 33. e6 Qe8 34. Qxf5 d4 35. Be5 d3 36. Qf7 Qg8 37. Qg6 Qh7 38. Qf7 d2 39.
Qf8+ Qg8 40. Qd6 Qe8 41. e7 d1=Q+ 42. Qxd1 Qxe7 43. Qd4 b5 44. Qf4 Qd7 45. Qxh6+ Kg8 46. Qg5 Qf7 47. h5 Kh7 48. Kh2 Be8 49. g4 Qa2+ 50. Kh3 Qf7 0-1

[Event "*** Titled Tuesday 3|2 Blitz"]
[Site "Chess.com"]
[Date "2016.03.01"]
[Round "9"]
[White "spectralsoul"]
[Black "tigra"]
[Result "0-1"]
[WhiteElo "2519"]
[BlackElo "2427"]
[TimeControl "180+2"]
[EndTime "18:50:17 PST"]
[Termination "tigra won by resignation"]

1. g3 d5 2. Bg2 Nf6 3. c4 d4 4. b4 e5 5. a3 c5 6. b5 a6 7. bxa6 Rxa6 8. d3 Qa5+ 9. Nd2 Bd7 10. Bb2 Rb6 11. Qc1 Ba4 12. Nf3 Nc6 13. O-O h6 14. e3 Be7 15. Nh4 O-O 16. Nf5 g6 17. Nxe7+ Nxe7 18.
Nf3 Nc6 19. Re1 Kg7 20. exd4 exd4 21. Ne5 Re8 22. f4 Re6 23. Bh3 Re7 24. Re2 Nxe5 25. fxe5 Nh7 26. Qf4 Ng5 27. Bg2 Kg8 28. Rf1 Bc6 29. e6 Bxg2 30. exf7+ Rxf7 31. Re8+ Kg7 32. Qe5+ Rbf6 33. Kxg2 Qb6 34. Bc1 Qc6+ 35. Qd5 Qxd5+ 36. cxd5 Rxf1 37. Bf4 R1xf4 38. gxf4 Rxf4 39. d6 Rf6 40. d7 Nf7 41. d8=Q Nxd8 42. Rxd8 Ra6 43. Rd5 b6 44.
Rd7+ Kf6 45. Rd6+ Ke5 46. Rxg6 Rxa3 47. Rxb6 Rxd3 48. Rxh6 c4 49. Kf2 c3 50. Ke2 Re3+ 51.
Kf2 c2 0-1

[Event "*** Titled Tuesday 3|2 Blitz"]
[Site "Chess.com"]
[Date "2016.03.01"]
[Round "9"]
[White "MMSANCHEZ"]
[Black "Gau_truc_lon"]
[Result "1/2-1/2"]
[WhiteElo "2261"]
[BlackElo "2162"]
[TimeControl "180+2"]
[EndTime "18:50:48 PST"]
[Termination "Game drawn - insufficient material"]

1. d4 d5 2. Nf3 Nf6 3. c4 e6 4. g3 Be7 5. Bg2 O-O 6. O-O dxc4 7. a4 Nc6 8. e3 Na5 9. Nbd2 c5 10. dxc5 Qc7 11. b4 cxb3 12. Nxb3 Nxb3 13. Qxb3 Qxc5 14. Ba3 Qd5 15. Qb2 Bxa3 16. Rxa3 Rd8 17. Rc3 Qa5 18. Rc4 Bd7 19. Qxb7 Rab8 20. Qc7 Qxc7 21. Rxc7 a5 22. Ra7 Bxa4 23. Rxa5 Bc6 24. Rc5 Be4 25. Rc7 Rbc8 26. Ra7 Ra8 27. Rxa8 Rxa8 28. Ne5 Bxg2 29. Kxg2 Nd5 30. Rc1 g6 31. Rb1 Ra7 32. Kf3 h5 33.
Rb3 Kg7 34. e4 Nf6 35. Ke3 Nd7 36. Nd3 Nf6 37. h3 Nd7 38. f3 Rc7 39. e5 Ra7 40.
Kd4 Ra4+ 41. Ke3 Ra5 42. f4 Ra4 43. Rb7 Nf8 44. g4 hxg4 45. hxg4 Ra3 46. Rc7 Rb3 47.
Ke4 Ra3 48. Nc5 Ra1 49. f5 gxf5+ 50. gxf5 Re1+ 51. Kf4 Rf1+ 52. Kg4 Rxf5 53. Rc8 Rxe5 54.
Nd3 Rd5 55. Nf4 Rd4 56. Kf3 e5 57. Nh5+ Kg8 58. Nf6+ Kg7 59. Nh5+ Kg6 60. Rxf8 Kxh5 61. Rxf7 Kg6 62. Rf8 Rf4+ 63. Rxf4 exf4 64. Kxf4 1/2-1/2

[Event "*** Titled Tuesday 3|2 Blitz"]
[Site "Chess.com"]
[Date "2016.03.01"]
[Round "9"]
[White "dretch"]
[Black "GrigorGrigorov"]
[Result "1-0"]
[WhiteElo "2594"]
[BlackElo "2548"]
[TimeControl "180+2"]
[EndTime "18:50:58 PST"]
[Termination "dretch won by resignation"]

1. d4 Nf6 2. c4 e6 3. Nc3 Bb4 4. Qc2 c5 5. dxc5 O-O 6. a3 Bxc5 7. Nf3 b6 8. Bf4 Bb7 9. Rd1 Nc6 10. e3 Be7 11.
Be2 Nh5 12. h4 Nxf4 13. exf4 Rc8 14. Ne4 f5 15. Nd6 Bxd6 16. Rxd6 Qe7 17. Qd2 Nb8 18.
Rd4 Rc7 19. h5 Rfc8 20. O-O Bxf3 21. Bxf3 Rxc4 22. Rxc4 Rxc4 23. h6 gxh6 24. Rd1 Qc5 25. b4 Qc7 26. g3 Rc2 27. Qd4 Rc1 28. Rxc1 Qxc1+ 29. Kg2 Qc8 30. b5 Qf8 31. Qe5 Qd8 32. Qd6 Kg7 33. a4 Kg6 34. Kg1 h5 35. Kg2 Kh6 36. Kh3 Kg6 37. Qd1 d5 38. Bxh5+ Kg7 39. Bf3 Nd7 40. Qd4+ Qf6 41. Qb4 Nc5 42. Kg2 Qa1 43.
Qd2 Qf6 44. a5 Nb3 45. Qc2 Nxa5 46. Qc7+ Qf7 47. Qe5+ Kh6 48. g4 Nc4 49. g5+ Kg6 50. Qh8 Nd6 51. Kg3 Ne4+ 52. Kh4 Nf6 53. gxf6 Qxf6+ 54. Qxf6+ Kxf6 55. Kg3 d4 56. Be2 e5 57.
fxe5+ Kxe5 58. Bd3 h6 59. f4+ Kf6 60. Kh4 Kg6 61. Bc2 Kf6 62. Kh5 1-0

[Event "*** Titled Tuesday 3|2 Blitz"]
[Site "Chess.com"]
[Date "2016.03.01"]
[Round "9"]
[White "DanielNaroditsky"]
[Black "FairChess_on_YouTube"]
[Result "1/2-1/2"]
[WhiteElo "2615"]
[BlackElo "2753"]
[TimeControl "180+2"]
[EndTime "18:51:23 PST"]
[Termination "Game drawn by agreement"]

1. Nf3 d5 2. g3 Nf6 3. Bg2 c6 4. O-O Bf5 5. d3 e6 6. Nbd2 h6 7. Qe1 Bh7 8. e4 Nbd7 9. e5 Ng8 10. Qe2 Ne7 11. Nd4 c5 12. Nb5 Nc6 13. Nf3 a6 14. Nd6+ Bxd6 15. exd6 O-O 16. c3 Qf6 17. Re1 e5 18. c4 dxc4 19. dxc4 Qxd6 20. Be3 Bd3 21. Red1 e4 22. Ne1 Nde5 23. Nxd3 exd3 24. Qh5 Rfe8 25.
Be4 Nd4 26. Kg2 Nxc4 27. Bf4 Qf6 28. Bxb7 Ra7 29. Qxc5 Rxb7 30. Qxc4 Ne2 31. Rxd3 Nxf4+ 32. Qxf4 Qxf4 33. gxf4 Rxb2 34. a4 Ree2 35. Rf3 Ra2 36. Rc1 Rxa4 37. Rc8+ Kh7 38. f5 Rg4+ 39. Rg3 Rf4 40.
Rf3 Rxf3 41. Kxf3 Ra2 42. Rc7 f6 43. h4 h5 44. Ra7 a5 45. Kg3 Ra3+ 46. f3 Ra1 47.
Kg2 a4 48. Ra8 a3 49. Kh2 g5 50. hxg5 fxg5 51. Ra7+ Kh6 52. Kg2 g4 53. fxg4 hxg4 54.
f6 a2 55. f7 Kg7 56. Kh2 Kf8 57. Kg2 Kg7 58. Kh2 g3+ 59. Kg2 Kf8 60. Ra8+ Kxf7 61. Ra7+ Ke6 62. Ra8 Kd5 63. Rd8+ Kc4 64. Rc8+ Kb5 65.
Rb8+ Ka6 66. Ra8+ Kb7 67. Ra3 Kb6 68. Ra8 Kc5 69. Rc8+ Kd4 70. Rd8+ 1/2-1/2

[Event "*** Titled Tuesday 3|2 Blitz"]
[Site "Chess.com"]
[Date "2016.03.01"]
[Round "9"]
[White "vellottiwizard"]
[Black "chessdude"]
[Result "0-1"]
[WhiteElo "2435"]
[BlackElo "2412"]
[TimeControl "180+2"]
[EndTime "18:51:45 PST"]
[Termination "chessdude won on time"]

1. e4 c5 2. Nf3 d6 3. d4 cxd4 4. Nxd4 Nf6 5. Nc3 a6 6. Be3 e5 7.
Nb3 Be6 8. f4 exf4 9. Bxf4 Nc6 10. Qe2 Ne5 11. h3 Nfd7 12. O-O-O Be7 13. Qe3 Rc8 14. g4 O-O 15. g5 b5 16. h4 Qc7 17.
Nd4 b4 18. Nd5 Bxd5 19. exd5 Rfe8 20. h5 Bf8 21. Qh3 Nb6 22. Rh2 Nxd5 23. Rf2 Nxf4 24. Rxf4 d5 25. Kb1 Bc5 26. Nf5 Be7 27. Qb3 Bxg5 28. Rxb4 Nc4 29. Bxc4 dxc4 30. Qf3 Qf4 31. Qxf4 Bxf4 32. a4 g6 33. hxg6 hxg6 34. Rg1 Kf8 35.
Nh4 Bh2 36. Rf1 Kg7 37. Nf3 Bd6 38. Rb6 Bf4 39. Rxa6 c3 40. b4 Rc4 41. Rb6 g5 42. a5 Rb8 43. Rxb8 Bxb8 44. Nxg5 Rxb4+ 45. Ka2 Rb2+ 46. Ka1 f6 47. Ne6+ Kg6 48. Nd4 Be5 49. Rd1 Rb4 50. Nb3 Ra4+ 51. Kb1 f5 52. Rd5 Bf6 53. Kc1 f4 54. Kd1 Re4 55. Rd6 f3 56.
Nc5 Rd4+ 57. Rxd4 Bxd4 58. Nd3 Kf5 59. Ke1 Ke4 60. Kf1 Kd5 61. Ke1 Kc6 62. a6 Kb6 63. Nf4 Kxa6 64. Nh3 Kb5 65. Ng5 f2+ 66. Ke2 Ka4 67.
Nf3 Ba7 68. Ne5 Ka3 69. Nd3 Ka2 0-1